 Dungeon Crawl Stone Soup version 0.18-a0-1390-gc02854d (webtiles) character file.

324 wvc the Magician (level 6, 0/51 HPs)
             Began as a Naga Transmuter on Feb 22, 2016.
             Succumbed to Sigmund's poison
             ... on level 3 of the Dungeon.
             The game lasted 00:09:07 (2775 turns).

wvc the Magician (Naga Transmuter)                  Turns: 2775, Time: 00:09:07

Health: 0/51       AC:  7    Str: 12    XL:     6   Next: 48%
Magic:  13/13      EV: 10    Int: 18    God:
Gold:   207        SH:  0    Dex: 12    Spells: 4 memorised, 4 levels left

rFire  . . .     SeeInvis +     d - 4 bread rations
rCold  . . .     Gourm    .     k - +2 steam dragon armour
rNeg   . . .     Faith    .     (no shield)
rPois  +         Spirit   .     (no helmet)
rElec  .         Dismiss  .     q - +0 cloak
rCorr  .         Reflect  .     (no gloves)
SustAt .         Harm     .     (no barding)
MR     .....                    (no amulet)
Stlth  +.........               (no ring)
                                h - +3 ring of intelligence

@: lethally poisoned (0 -> -2), very slow, not resistant to hostile
enchantments, very unstealthy
A: see invisible, deformed body, poison resistance, slowness 2, slow metabolism
1, spit poison 2, AC +2
a: Spit Poison


You were on level 3 of the Dungeon.
You were hungry.

You visited 1 branch of the dungeon, and saw 3 of its levels.

You collected 207 gold pieces.

Inventory:

Missiles
 a - 23 arrows
 o - 8 tomahawks (quivered)
Armour
 k - a +2 steam dragon armour (worn)
 q - a +0 cloak (worn)
Jewellery
 h - a +3 ring of intelligence (left hand)
Wands
 b - a wand of random effects (27/48)
Scrolls
 e - 2 scrolls of remove curse
 f - a scroll of teleportation
 g - 5 scrolls of identify
 l - a scroll of enchant weapon
 m - a scroll of amnesia
 p - a scroll of fog
Books
 c - a book of Changes

   Spells                             Type                      Level
   a - Beastly Appendage              Transmutation                1
   b - Sticks to Snakes               Transmutation                2
   c - Spider Form                    Transmutation/Poison         3
   d - Ice Form                       Ice/Transmutation            4
   e - Blade Hands                    Transmutation                5
Comestibles
 d - 4 bread rations (in hand)
 i - a meat ration
 n - a beef jerky


   Skills:
 - Level 1.0 Fighting
 - Level 1.5 Dodging
 - Level 3.0 Unarmed Combat
 + Level 4.9 Spellcasting
 - Level 3.0 Transmutations
 * Level 3.8 Poison Magic


You had 4 spell levels left.
You knew the following spells:

 Your Spells              Type           Power        Failure   Level  Hunger
a - Beastly Appendage     Trmt           ###...       4%          1    None
b - Sticks to Snakes      Trmt           ###.....     8%          2    #......
c - Spider Form           Trmt/Pois      ###.......   12%         3    ###....
d - Ice Form              Ice/Trmt       #.......     78%         4    ####...


Dungeon Overview and Level Annotations

Branches:
Dungeon (3/15)

Altars:


Innate Abilities, Weirdness & Mutations

You cannot wear boots.
Your serpentine skin is tough (AC +2).
You have supernaturally acute eyesight.
Armour fits poorly on your strangely shaped body.
Your system is resistant to poisons.
You cover ground very slowly.
You have a slow metabolism.
You can spit poison.


Message History

* * * LOW HITPOINT WARNING * * *
You feel sick.
You swing at nothing.
* * * LOW HITPOINT WARNING * * *
You feel sick.
You swing at nothing.
* * * LOW HITPOINT WARNING * * *
You feel sick.
You swing at nothing.
* * * LOW HITPOINT WARNING * * *
You feel sick.
You swing at nothing.
* * * LOW HITPOINT WARNING * * *
You feel sick.
You swing at nothing.
You swing at nothing.
* * * LOW HITPOINT WARNING * * *
You feel sick.
You swing at nothing.
You die...

######## # #......#
####.#########.####.#
#.....@........# #.#
#.###########..# #.#
#..# #.# #..# #.#
#..# #.# #..####(##
#######........#
.........####..#
######.## #..#


There were no monsters in sight!

Vanquished Creatures
  Sigmund (D:3)
  Ijyb (D:2)
  Jessica (D:2)
  Robin (D:2)
  2 adders (D:2)
  2 oozes
  2 worms
  A dart slug (D:1)
  A giant gecko (D:1)
  3 bats
  4 giant cockroaches
  16 goblins
  11 hobgoblins
  6 jackals
  A quokka (D:2)
  3 ball pythons
  2 giant newts
  4 kobolds
  6 rats
68 creatures vanquished.

Vanquished Creatures (others)
  5 toadstools (D:1)
5 creatures vanquished.

Grand Total: 73 creatures vanquished

Notes
Turn   | Place    | Note
--------------------------------------------------------------
     0 | D:1      | wvc the Naga Transmuter began the quest for the Orb.
     0 | D:1      | Reached XP level 1. HP: 18/18 MP: 3/3
   163 | D:1      | Reached XP level 2. HP: 9/25 MP: 5/5
   403 | D:1      | Learned a level 2 spell: Sticks to Snakes
   586 | D:1      | Reached XP level 3. HP: 12/31 MP: 4/6
   947 | D:1      | Learned a level 3 spell: Spider Form
  1408 | D:2      | Noticed Ijyb
  1421 | D:2      | Killed Ijyb
  1421 | D:2      | Reached skill level 3 in Spellcasting
  1421 | D:2      | Reached skill level 1 in Poison Magic
  1421 | D:2      | Reached XP level 4. HP: 28/38 MP: 4/8
  1713 | D:2      | Noticed Jessica
  1721 | D:2      | Killed Jessica
  1889 | D:2      | Reached XP level 5. HP: 35/44 MP: 8/10
  2358 | D:2      | Noticed Robin
  2371 | D:2      | Killed Robin
  2371 | D:2      | Reached skill level 4 in Spellcasting
  2421 | D:2      | Learned a level 4 spell: Ice Form
  2738 | D:3      | Noticed Sigmund
  2757 | D:3      | Killed Sigmund
  2757 | D:3      | Reached XP level 6. HP: 27/51 MP: 9/13
  2771 | D:3      | HP: 2/51 [poisoned by Sigmund]
  2775 | D:3      | Succumbed to Sigmund's poison

Vault maps used:
D:1:      ldierk_walled_garden
D:2:      kennysheep_goblin_castle, uniq_iyjb, uniq_robin, uniq_jessica
D:3:      first_bread, uniq_sigmund

Skill      XL: |  1  2  3  4  5 |
---------------+----------------+-----
Transmutations | 3 |  3.0
Spellcasting   | 3 4 |  4.9
Poison Magic   | 1 2 3 |  3.8
Fighting       | |  1.0
Dodging        | |  1.5
Unarmed Combat | |  3.0

Action                   |  1- 3 |  4- 6 || total
-------------------------+-------+-------++-------
Melee: Unarmed           |   101 |   139 ||   240
 Cast: Beastly Appendage |    14 |     6 ||    20
       Spider Form       |     1 |     5 ||     6
 Abil: Spit Poison       |     5 |     8 ||    13
       End Transformatio |       |     1 ||     1
  Use: Scroll            |       |     9 ||     9
  Eat: Chunk             |       |     5 ||     5
